 Dungeon Crawl Stone Soup version 0.32-a0-900-g30fb1b0edc (webtiles) character file.

Game seed: 17588563672299919836

45077 Autsider the Summoner (level 14, -3/86 HPs)
             Began as a Tengu Summoner on Apr 5, 2024.
             Was the Champion of Kikubaaqudgha.
             Slain by an orc warlord
             ... wielding a +2 halberd of venom
              (30 damage)
             ... on level 2 of the Orcish Mines.
             The game lasted 01:18:45 (17115 turns).

Autsider the Summoner (Tengu Summoner)             Turns: 17115, Time: 01:18:46

Health: -3/86      AC: 15    Str: 13    XL:     14   Next: 31%
Magic:  15/28      EV: 33    Int: 35    God:    Kikubaaqudgha [******]
Gold:   1873       SH:  5    Dex: 14    Spells: 16/32 levels left

rFire   . . .        v - +8 orcbow of Erghi {speed, rElec rCorr}
rCold   . . .        (shield currently unavailable)
rNeg    . . .        F - +6 ring mail "Nifaloff" {Int+4}
rPois   +            y - +2 hat of Ocrurph {Int+5}
rElec   +            G - scarf {repulsion}
rCorr   +            z - +0 pair of gloves
SInv    .            (boots unavailable)
Will    +....        m - amulet of Udyiwut {Reflect Str+3 SH+5}
Stlth   ++++         I - ring of poison resistance
HPRegen 0.34/turn    U - +6 ring of intelligence
MPRegen 0.21/turn

%: repel missiles, reflection, acrobat
@: marked, acrobatic, animating dead, flying
A: beak, talons 3, evasive flight, acrobatic
a: Renounce Religion, Unearth Wretches, Torment, Brand Weapon With Pain, Receive
Forbidden Knowledge


You were on level 2 of the Orcish Mines.
You worshipped Kikubaaqudgha.
Kikubaaqudgha was exalted by your worship.
You visited 4 branches of the dungeon, and saw 18 of its levels.
You also visited: Sewer, Bailey and Ice Cave.

You collected 3246 gold pieces.
You spent 1373 gold pieces at shops.

Inventory:

Hand Weapons
 q - a +4 eveningstar of protection
 v - the +8 orcbow of Erghi (weapon) {speed, rElec rCorr}
   (You took it off an orc on level 4 of the Dungeon)

   rElec:     It insulates you from electricity.
   rCorr:     It protects you from acid and corrosion.
 w - the +8 rapier of Voasocokk {heavy, rC++ rN+ Int+5}
   (You found it on level 1 of the Lair of Beasts)

   Int+5:     It affects your intelligence (+5).
   rC++:      It greatly protects you from cold.
   rN+:       It protects you from negative energy.
 H - the +2 trident of the Inferno {freeze, *Slow rPois Int+4 Dex+3}
   (You found it on level 5 of the Dungeon)

   Int+4:     It affects your intelligence (+4).
   Dex+3:     It affects your dexterity (+3).
   rPois:     It protects you from poison.
   *Slow:     It may slow you when you take damage.
 L - a -1 demon whip of venom
 Q - the +8 rapier of Ikkif {elec, rC+ Will+ Int+2}
   (You found it on level 8 of the Dungeon)

   Int+2:     It affects your intelligence (+2).
   rC+:       It protects you from cold.
   Will+:     It increases your willpower.
 V - the +8 flail of Gluttony {elec, rN++ Will++ Stlth-}
   (You found it on level 5 of the Lair of Beasts)

   rN++:      It greatly protects you from negative energy.
   Will++:    It greatly increases your willpower.
   Stlth-:    It makes you less stealthy.
Missiles
 k - a throwing net
Armour
 u - a +1 robe of positive energy
 y - the +2 hat of Ocrurph (worn) {Int+5}
   (You acquired it on level 6 of the Dungeon)

   Int+5:     It affects your intelligence (+5).
 z - a +0 pair of gloves (worn)
 C - a +1 robe of willpower
 F - the +6 ring mail "Nifaloff" (worn) {Int+4}
   (You bought it in a shop on level 6 of the Dungeon)

   Int+4:     It affects your intelligence (+4).
 G - a scarf of repulsion (worn)
Magical Staves
 p - a staff of death
 W - the staff of the Common Good {rPois rC- rN+ Hexes Fire Alchemy}
   (You found it on level 5 of the Lair of Beasts)

   [staff of alchemy]

   Base accuracy: +5 Base damage: 5 Base attack delay: 1.2 This weapon's minimum
   attack delay (0.6) is reached at skill level 12.
   rC-:       It makes you vulnerable to cold.
   rPois:     It protects you from poison.
   rN+:       It protects you from negative energy.
   Hexes:     It increases the power of your Hexes spells.
   Fire:      It increases the power of your Fire spells.
   Alchemy:   It increases the power of your Alchemy spells.
   It falls into the 'Staves' category.
   It is a one-handed weapon.
Jewellery
 m - the amulet of Udyiwut (around neck) {Reflect Str+3 SH+5}
   (You found it in an ice cave)

   [amulet of reflection]

   Reflect:   It reflects blocked missile attacks.
   Str+3:     It affects your strength (+3).
   SH+5:      It affects your SH (+5).
 t - an amulet of magic regeneration
 I - a ring of poison resistance (left hand)
 U - a +6 ring of intelligence (right hand)
Wands
 a - a wand of paralysis (12)
 j - a wand of mindburst (8)
 E - a wand of polymorph (9)
 M - a wand of digging (1)
 O - a wand of flame (8)
 S - a wand of roots (7)
Scrolls
 c - 4 scrolls of enchant armour
 e - 4 scrolls of enchant weapon
 f - 2 scrolls of poison
 h - 2 scrolls of fog
 n - 3 scrolls of amnesia
 o - 4 scrolls of teleportation {@r2}
 B - 5 scrolls of vulnerability
 J - 5 scrolls of immolation
 P - 2 scrolls of torment
Potions
 b - 5 potions of magic
 d - a potion of lignification
 g - 6 potions of mutation
 i - 3 potions of attraction
 l - a potion of heal wounds {@q2}
 r - 4 potions of haste
 s - 5 potions of curing
 x - 2 potions of enlightenment
 A - 3 potions of brilliance
 D - 2 potions of resistance {unknown}
 K - 3 potions of invisibility
 R - 2 potions of ambrosia {unknown}
Miscellaneous
 N - a box of beasts


   Skills:
 + Level 9.3 Fighting
 + Level 3.6 Short Blades
 - Level 4.0 Ranged Weapons
 + Level 6.4 Armour
 - Level 10.0 Dodging
 - Level 10.0 Stealth
 + Level 9.9 Spellcasting
 + Level 2.2 Hexes
 - Level 11.0 Summonings
 + Level 8.6 Necromancy
 - Level 5.0 Fire Magic
 - Level 5.0 Air Magic
 - Level 5.0 Evocations


You had 16 spell levels left.
You knew the following spells:

 Your Spells              Type           Power      Damage    Failure   Level
a - Anguish               Hex/Necr       26%        N/A       4%          4
b - Summon Blazeheart Go  Fire/Summ      65%        N/A       1%          4
c - Summon Lightning Spi  Summ/Air       65%        N/A       1%          4
w - Animate Dead          Necr           67%        N/A       1%          4

Your spell library contained the following spells:

 Spells                   Type           Power      Damage    Failure   Level
 Kiss of Death            Conj/Necr      100%       2d13      1%          1
 Necrotise                Necr           100%       1d9       1%          1
 Slow                     Hex            100%       N/A       1%          1
 Summon Small Mammal      Summ           100%       N/A       1%          1
 Call Imp                 Summ           100%       N/A       1%          2
 Sublimation of Blood     Necr           67%        N/A       1%          2
 Call Canine Familiar     Summ           76%        N/A       1%          3
 Summon Ice Beast         Ice/Summ       54%        N/A       1%          3
 Vampiric Draining        Necr           67%        2d10      1%          3
 Dispel Undead            Necr           67%        3d23      1%          4
 Martyr's Knell           Necr/Summ      72%        N/A       1%          4
 Curse of Agony           Necr           67%        N/A       3%          5
 Sandblast                Erth           34%        2d9       4%          1
 Animate Armour           Summ/Erth      100%       N/A       4%          4
 Confusing Touch          Hex            33%        N/A       5%          3
 Hailstorm                Conj/Ice       17%        3d6       14%         3
 Stone Arrow              Conj/Erth      34%        3d9       14%         3
 Brom's Barrelling Bould  Conj/Erth      17%        2d4       43%         4
 Olgreb's Toxic Radiance  Alch           17%        N/A       43%         4
 Haunt                    Necr/Summ      36%        N/A       58%         7
 Permafrost Eruption      Ice/Erth       8%         2x4d3     100%        6
 Sculpt Simulacrum        Ice/Alch       8%         N/A       100%        6
 Ozocubu's Refrigeration  Ice            8%         4d9       100%        7
 Discord                  Hex            16%        N/A       100%        8
 Infestation              Necr           33%        N/A       100%        8
 Lehudib's Crystal Spear  Conj/Erth      8%         10d4      100%        8


Dungeon Overview and Level Annotations

Branches:
Dungeon (10/15)            Temple (1/1) D:6            Lair (5/5) D:8
  Swamp (0/4) Lair:3       Spider (0/4) Lair:3        Slime (0/5) Lair:4
    Orc (2/2) D:9             Elf (0/3) Orc:2         Sewer (visited)
 Bailey (visited)           IceCv (visited)

Altars:
Ashenzari
Cheibriados
Dithmenos
Elyvilon
Fedhas
Gozag
Hepliaklqana
Kikubaaqudgha
Makhleb
Nemelex Xobeh
Okawaru
Qazlal
Ru
Trog
Uskayaw
Vehumet
Wu Jian
Xom
Yredelemnul
Zin
The Shining One

Shops:
D:2 (   D:6 *[*[[   D:9 [

Annotations:
D:2 exclusion: downstairs
D:8 Come here with wand of digging, exclusion: 2 downstairs
D:9 3 runed translucent doors, Domino's ghost, journeyman MDFi; Estrix's ghost, novice MiFi


Innate Abilities, Weirdness & Mutations

You have a beak for a mouth.
You have claws for feet.
Your magical flight helps you evade attacks. (EV +4)
You can magically evade attacks while moving or waiting.


Message History

t - Shout!
Orders for allies: a - Attack new target. r - Retreat! s - Stop attacking. g - Guard the area. f - Follow me.
Anything else - Cancel.
Gang up on whom?
Press: ? - help, Dir - move target, f - orc warlord
Aim: an orc warlord, wielding a +2 halberd of venom and wearing a +0 plate armour (lightly wounded, ally target) Attack!
An orc warrior comes into view. It is wielding a +0 short sword.
The orc knight hits your kobold blastminer zombie with a +0 battleaxe.
The orc warrior hits your kobold blastminer zombie with a +0 long sword!!
An orc warrior comes into view. It is wielding a +3 long sword.
The orc warlord roars a battlecry!
The orc warrior goes into a battle-frenzy!
Your kobold blastminer zombie barely misses the orc knight.
Your lightning spire shoots out a bolt of lightning at the orc warlord!
The bolt of electricity hits the orc warlord.
The bolt of electricity hits the orc warlord!
The bolt of electricity misses the orc warrior.
Your blazeheart golem punches the orc warlord!
Your blazeheart golem's core grows cold and it stops moving.
The orc high priest prays to Beogh.
The orc knight hits your kobold blastminer zombie with a +0 battleaxe!!
The orc warlord hits your ogre zombie with a +2 halberd of venom!!
Your kobold blastminer zombie hits the orc knight.
Your lightning spire disappears in a puff of smoke!
Your blazeheart golem's core flares to life once more.
The orc knight barely misses your kobold blastminer zombie.
An orc high priest comes into view. It is wielding a +0 battleaxe.
The orc knight roars a battlecry!
The orcs go into a battle-frenzy!
The orc high priest calls down the wrath of Beogh upon you.
Beogh smites you!
* * * LOW HITPOINT WARNING * * *
The orc warrior hits your ogre zombie with a +0 long sword!!
Your ogre zombie is destroyed!
The orc warlord hits you from afar with a +2 halberd of venom!!
You die...
Kikubaaqudgha rasps: You have failed me!
Welcome... death!

#......# ###.).).I###
.....#####..o.....#.##
......#.#)........#..##
#....3.oo...#......## .
#§).oo.....###......## ...#
#....oo.#######......#
....####....#oZo###.#......##
#....#....##9).........^.##
#...o.<.).###@Z§........##
.........o..##..........##
...o.......###.......#.##
...##.....## ###....####
...O.......# ##....# P
PK.......# ##.### ..O.......#
#.# .....#..... ###
...##.#....


You could see an orc warlord (strong, ally target), 2 orc knights, a soul eater
(summoned), 3 orc high priests, 3 orc warriors, a friendly blazeheart golem
(summoned), a friendly orc sorcerer zombie and a friendly kobold blastminer
zombie.

Vanquished Creatures
  5 hydras (Lair:3)
  A two-headed ogre (D:8)
  4 skysharks
  An orb spider (Lair:3)
  Pikel (D:8)
  2 orc knights
  An orc sorcerer (Orc:2)
  An ugly thing (IceCv)
  An elephant (Lair:5)
  3 black mambas
  2 ice statues (IceCv)
  An orange demon (Lair:3)
  4 cane toads
  8 komodo dragons
  3 rime drakes
  2 polar bears
  Grinder (D:4)
  2 tyrant leeches (Lair:3)
  7 blink frogs
  2 snapping turtles (Lair:5)
  Sigmund (D:3)
  3 wyverns
  17 yaks
  3 steam dragons
  Menkaure (D:4)
  A warg (Orc:2)
  10 water moccasins
  9 orc warriors
  A hydra simulacrum (IceCv)
  2 ice beasts
  A black bear (D:6)
  6 ogres
  A centaur (D:9)
  15 wolves
  A kobold brigand (D:7)
  3 lemures (D:8)
  11 bullfrogs
  5 wights
  Dowan (D:5)
  A killer bee (D:8)
  2 howler monkeys
  A nameless horror (Lair:3)
  3 jellies
  5 orc priests
  3 sleepcaps
  2 iguanas (D:6)
  6 orc wizards
  Natasha (D:2)
  A hell rat (Lair:4)
  A polar bear simulacrum (IceCv)
  Robin (D:3)
  4 adders
  A river rat (Sewer)
  A shadow imp (D:3)
  A white imp (D:6)
  6 ufetubi
  A ribbon worm (D:5)
  34 orcs
  9 endoplasms
  7 giant cockroaches
  21 goblins
  5 hobgoblins
  6 kobolds
  A quokka (D:2)
  10 ball pythons
  A bat (D:1)
  4 frilled lizards (Sewer)
  13 rats
296 creatures vanquished.

Vanquished Creatures (collateral kills)
  Nessos (Lair:4)
  A merfolk avatar (Lair:5)
  A hydra (Lair:3)
  Sonja (Lair:1)
  Amaemon (Lair:3)
  A skyshark (Lair:5)
  A harpy (Lair:5)
  2 orc knights
  2 orc sorcerers (Orc:2)
  An ugly thing (IceCv)
  4 elephants (Lair:5)
  2 kobold blastminers
  5 cane toads
  A rime drake (Lair:5)
  2 komodo dragons
  2 snapping turtles (Lair:5)
  4 dream sheep (Lair:5)
  12 yaks
  3 wyverns (Lair:3)
  2 steam dragons
  Duvessa (D:5)
  2 water moccasins (Lair:5)
  10 orc warriors
  A sky beast (D:7)
  An ogre (Orc:1)
  3 centaurs
  14 wolves
  A kobold brigand (D:9)
  A phantom (D:4)
  Blork the orc (D:5)
  6 bullfrogs
  A scorpion (D:6)
  A cane toad simulacrum (IceCv)
  3 wights
  2 killer bees (D:8)
  2 howler monkeys (D:9)
  5 hounds
  A jelly (D:4)
  Crazy Yiuf (D:5)
  5 orc priests
  Ijyb (D:5)
  Jessica (D:2)
  4 hell rats (Lair:4)
  4 orc wizards
  Natasha (twice) (D:2)
  4 adders
  2 ribbon worms
  15 orcs
  3 ball pythons (D:1)
  2 bats (D:1)
  3 endoplasms
  2 giant cockroaches
  5 goblins
  A hobgoblin (D:1)
  13 kobolds
  2 frilled lizards
  2 rats (D:2)
177 creatures vanquished.

Vanquished Creatures (others)
  A bullfrog zombie (D:9)
  An ogre zombie (Orc:2)
  2 howler monkey zombies (D:9)
  5 orc zombies
  57 blazeheart cores
66 creatures vanquished.

Grand Total: 539 creatures vanquished

Notes
Turn   | Place    | Note
-------+----------+-------------------------------------------
     0 | D:1      | Autsider the Tengu Summoner began the quest for the Orb.
     0 | D:1      | Reached XP level 1. HP: 10/10 MP: 4/4
    53 | D:1      | Reached skill level 5 in Summonings
    99 | D:1      | Reached XP level 2. HP: 4/15 MP: 4/6
   853 | D:2      | Reached XP level 3. HP: 19/19 MP: 4/7
   900 | D:2      | Found a stormy altar of Qazlal.
   922 | D:2      | Noticed Jessica
   947 | D:2      | Killed Jessica
  1029 | D:2      | Found Zoduffud's Antique Weapon Shop.
  1056 | D:2      | Reached XP level 4. HP: 24/24 MP: 7/9
  1082 | D:2      | Learned a level 4 spell: Summon Blazeheart Golem
  1494 | D:2      | Reached skill level 1 in Fire Magic
  1719 | D:3      | Learned a level 4 spell: Summon Lightning Spire
  1769 | D:3      | Noticed Sigmund
  1885 | D:3      | Noticed Natasha
  1901 | D:2      | Killed Natasha
  1902 | D:2      | Reached skill level 6 in Summonings
  1902 | D:2      | Reached XP level 5. HP: 3/28 MP: 6/10
  2048 | D:2      | Noticed Natasha
  2052 | D:2      | Killed Natasha
  2053 | D:2      | Reached skill level 1 in Air Magic
  2390 | D:2      | Noticed Natasha
  2394 | D:2      | Killed Natasha
  2830 | D:3      | Noticed Robin
  2894 | D:3      | Killed Robin
  2895 | D:3      | Reached XP level 6. HP: 23/32 MP: 12/12
  3077 | D:3      | Killed Sigmund
  3287 | D:4      | Gained mutation: Your magical flight helps you evade
                  | attacks. (EV +4) [Tengu growth]
  3287 | D:4      | Reached XP level 7. HP: 36/36 MP: 5/13
  3454 | D:4      | Identified the +8 orcbow of Erghi {speed, rElec rCorr}
  3589 | D:4      | Found a shadowy altar of Dithmenos.
  3829 | D:4      | Noticed Menkaure
  3842 | D:4      | Killed Menkaure
  3843 | D:4      | Reached skill level 7 in Summonings
  3843 | D:4      | Reached skill level 5 in Fire Magic
  3864 | D:4      | Noticed Grinder
  3910 | D:4      | Killed Grinder
  3911 | D:4      | Reached XP level 8. HP: 31/41 MP: 3/16
  4128 | D:4      | Found a glowing silver altar of Zin.
  4214 | D:4      | Reached skill level 5 in Air Magic
  4376 | D:5      | Entered Level 5 of the Dungeon
  4376 | D:5      | Noticed Dowan
  4376 | D:5      | Found a glowing drain.
  4377 | D:5      | Noticed Duvessa
  4388 | D:5      | Killed Dowan
  4389 | D:5      | Reached skill level 1 in Fighting
  4391 | D:5      | Noticed Blork the orc
  4391 | D:5      | Killed Duvessa
  4392 | D:5      | Reached skill level 5 in Spellcasting
  4403 | D:5      | Killed Blork the orc
  4480 | Sewer    | Entered a sewer
  4577 | Sewer    | Reached skill level 8 in Summonings
  4681 | Sewer    | Found a shimmering altar of Xom.
  4788 | D:5      | Noticed Ijyb
  4801 | D:5      | Killed Ijyb
  4868 | D:5      | Found a glowing golden altar of the Shining One.
  5086 | D:5      | Identified the +2 trident of the Inferno {freeze, *Slow
                  | rPois Int+4 Dex+3}
  5327 | D:5      | Found a runed translucent door.
  5328 | D:5      | Noticed Crazy Yiuf
  5482 | D:5      | Killed Crazy Yiuf
  5483 | D:5      | Reached XP level 9. HP: 49/49 MP: 13/18
  5551 | D:6      | Found Dufaet's General Store.
  5741 | D:6      | Found Loloen's Assorted Antiques.
  5752 | D:6      | Bought a scroll of identify for 50 gold pieces
  6163 | D:6      | Reached skill level 9 in Summonings
  6200 | D:6      | Found Hewew's Antique Armour Shoppe.
  6327 | D:6      | Found Ifiep's Armour Shoppe.
  6382 | D:6      | Found Migri's Armour Shop.
  6388 | D:6      | Found a staircase to the Ecumenical Temple.
  6398 | Temple   | Entered the Ecumenical Temple
  6403 | Temple   | Became a worshipper of Kikubaaqudgha
  6740 | D:7      | Identified 3 scrolls of acquirement
  6740 | D:7      | Acquired 651 gold pieces
  6825 | D:7      | Found a flagged portal.
  6848 | D:7      | Reached skill level 5 in Dodging
  6857 | D:7      | Reached skill level 5 in Stealth
  6875 | Bailey   | Entered a bailey
  6949 | Bailey   | Reached XP level 10. HP: 58/58 MP: 12/20
  6953 | Bailey   | Reached * piety under Kikubaaqudgha
  6953 | Bailey   | Received a gift from Kikubaaqudgha
  6959 | Bailey   | Learned a level 4 spell: Animate Dead
  7020 | Bailey   | Noticed an orc knight
  7035 | Bailey   | Killed an orc knight
  7036 | Bailey   | Reached skill level 1 in Necromancy
  7044 | Bailey   | Noticed an orc knight
  7060 | Bailey   | Killed an orc knight
  7193 | Bailey   | Reached skill level 5 in Fighting
  7270 | D:7      | Acquired a +4 eveningstar of protection
  7271 | D:7      | Acquired 989 gold pieces
  7274 | D:7      | Acquired 372 gold pieces
  7342 | D:7      | Found a blossoming altar of Fedhas.
  7828 | D:6      | Bought a scroll of acquirement for 780 gold pieces
  7832 | D:6      | Acquired the +2 hat of Ocrurph {Int+5}
  8026 | D:8      | Reached skill level 10 in Summonings
  8064 | D:8      | Found a staircase to the Lair.
  8190 | D:8      | Found a snail-covered altar of Cheibriados.
  8291 | D:8      | Noticed a two-headed ogre
  8296 | D:8      | Killed a two-headed ogre
  8296 | D:8      | Reached ** piety under Kikubaaqudgha
  8421 | D:8      | Reached XP level 11. HP: 51/64 MP: 18/22
  8547 | D:8      | Found an ornate altar of the Wu Jian Council.
  8703 | D:9      | Found a runed translucent gate.
  8703 | D:9      | Found a runed translucent gate.
  8703 | D:9      | Found a runed translucent gate.
  8703 | D:9      | Found a staircase to the Orcish Mines.
  8959 | D:9      | Noticed Pikel
  9035 | D:8      | Killed Pikel
  9204 | D:9      | Noticed Estrix's ghost (novice MiFi)
  9205 | D:9      | Noticed Domino's ghost (journeyman MDFi)
  9246 | D:9      | Found Negarure's Armour Shop.
  9663 | Lair:1   | Entered Level 1 of the Lair of Beasts
  9920 | Lair:1   | Noticed Sonja
  9934 | D:8      | Reached *** piety under Kikubaaqudgha
  9934 | D:8      | Received a gift from Kikubaaqudgha
 10189 | Lair:1   | Reached skill level 1 in Evocations
 10211 | Lair:1   | Killed Sonja
 10232 | Lair:1   | Reached skill level 11 in Summonings
 10232 | Lair:1   | Reached skill level 5 in Necromancy
 10483 | Lair:1   | Identified the +8 rapier of Voasocokk {heavy, rC++ rN+
                  | Int+5}
 10611 | Lair:1   | Reached XP level 12. HP: 31/71 MP: 17/25
 11364 | D:6      | Bought the +6 ring mail "Nifaloff" {Int+4} for 543 gold
                  | pieces
 11450 | D:10     | Entered Level 10 of the Dungeon
 11495 | Lair:2   | Noticed a skyshark
 11505 | Lair:2   | Killed a skyshark
 11545 | Lair:2   | Reached skill level 1 in Armour
 11970 | Lair:2   | Noticed a skyshark
 11979 | Lair:2   | Killed a skyshark
 12341 | D:8      | Identified the +8 rapier of Ikkif {elec, rC+ Will+ Int+2}
 12605 | Lair:3   | Reached **** piety under Kikubaaqudgha
 12673 | Lair:3   | Reached skill level 1 in Ranged Weapons
 12868 | Lair:3   | Found a hole to the Spider Nest.
 12911 | Lair:3   | Noticed a seven-headed hydra
 12922 | Lair:3   | Killed a seven-headed hydra
 12927 | Lair:3   | Noticed a skyshark
 12937 | Lair:3   | Killed a skyshark
 12974 | Lair:3   | Noticed an eight-headed hydra
 12989 | Lair:3   | Killed an eight-headed hydra
 13005 | Lair:3   | Noticed a six-headed hydra
 13015 | Lair:3   | Killed a six-headed hydra
 13245 | Lair:3   | Noticed a four-headed hydra
 13248 | Lair:3   | Noticed an eight-headed hydra
 13260 | Lair:3   | Killed a four-headed hydra
 13261 | Lair:3   | Reached XP level 13. HP: 53/78 MP: 14/26
 13608 | Lair:3   | Noticed Amaemon
 13817 | Lair:3   | Killed Amaemon
 14104 | Lair:3   | Reached skill level 5 in Evocations
 14169 | Lair:3   | Found a staircase to the Swamp.
 14458 | Lair:4   | Reached ***** piety under Kikubaaqudgha
 14533 | Lair:4   | Found a frozen archway.
 14578 | IceCv    | Entered an ice cave
 14590 | IceCv    | Found a transporter.
 14610 | IceCv    | Found a transporter.
 14677 | IceCv    | Reached skill level 5 in Armour
 14716 | IceCv    | Identified the amulet of Udyiwut {Reflect Str+3 SH+5}
 15069 | Lair:4   | Found a staircase to the Slime Pits.
 15191 | Lair:4   | Noticed Nessos
 15218 | Lair:4   | Killed Nessos
 15394 | Lair:4   | Reached skill level 1 in Short Blades
 15527 | Lair:5   | Entered Level 5 of the Lair of Beasts
 15789 | Lair:5   | Reached skill level 1 in Hexes
 15824 | Lair:5   | Reached skill level 10 in Dodging
 16049 | Lair:5   | Reached XP level 14. HP: 86/86 MP: 23/28
 16085 | Lair:5   | Reached skill level 10 in Stealth
 16231 | Lair:5   | Identified the +8 flail of Gluttony {elec, rN++ Will++
                  | Stlth-}
 16241 | Lair:5   | Identified the staff of the Common Good {rPois rC- rN+
                  | Hexes Fire Alchemy}
 16613 | Lair:5   | Learned a level 4 spell: Anguish
 16739 | Orc:1    | Entered Level 1 of the Orcish Mines
 17032 | Orc:2    | Entered Level 2 of the Orcish Mines
 17060 | Orc:2    | Found a staircase to the Elven Halls.
 17075 | Orc:2    | Paralysed by an orc sorcerer for 4 turns
 17082 | Orc:2    | Noticed an orc warlord
 17101 | Orc:2    | Reached ****** piety under Kikubaaqudgha
 17115 | Orc:2    | Slain by an orc warlord

Illustrated notes

Levels and vault maps discovered:
D:1:      saegor_arrival_simple_e, layout_basic
D:2:      kb_forest_paths, layout_basic, basic_altar, serial_shops, shop,
          uniq_jessica
D:3:      layout_basic, uniq_robin, uniq_natasha, uniq_sigmund
D:4:      layout_loops_ring, grunt_dithmenos_smoke, zin_treasury, uniq_grinder,
          uniq_menkaure
D:5:      layout_loops_ring, nicolae_tso_swordbearing_angel,
          portal_sewer_entry_a, nicolae_goblin_pals, uniq_crazy_yiuf_cottage,
          uniq_duvessa, uniq_blork_the_orc
D:6:      layout_basic, temple_fountains, serial_shops, kennysheep_little_box,
          nicolae_shop_tiny_real_fake_doors, nicolae_shop_just_a_little_nook,
          nicolae_shop_peninsula, shop, st_stairs_13, minmay_bent
D:7:      layout_loops_ring, fedhas_altar_2, enter_bailey_5
D:8:      layout_cave_pools, mainiacjoe_overflow_alcove_2, lemuel_doored_altar,
          lair_entry_dummy, chequers_serial_rivers_small_3, minivault_21
D:9:      layout_cave_pools, orc_david_3, gammafunk_ghost_cemetery, uniq_pikel
D:10:     layout_gridville, nicolae_sif_muna_condensation
Temple:   minmay_freezing_vapour_temple
Lair:1:   layout_loops_ring, uniq_sonja
Lair:2:   layout_hall_layers
Lair:3:   nzn_winding_woodlands_medium [nzn_winding_woodlands_5x5_closed_star,
          nzn_winding_woodlands_5x15_default, nzn_winding_woodlands_5x5_default,
          nzn_winding_woodlands_5x5_three, nzn_winding_woodlands_center_garden,
          nzn_winding_woodlands_5x5_perimeter, nzn_winding_woodlands_5x5_cross,
          nzn_winding_woodlands_5x15_pathside_ponds,
          nzn_winding_woodlands_5x5_open_star], layout_long_grid,
          minmay_swamp_entry_worms, nicolae_spider_entry_orb_guardian,
          uniq_amaemon
Lair:4:   layout_roguey, slime_entry_1, portal_ice_cave_entry_pillars_1,
          infiniplex_staircase_pool, uniq_nessos
Lair:5:   gammafunk_lair_ancient_temple, layout_loops_ring
Orc:1:    layout_diamond_mine, okawaru_metal_pillars_1_2
Orc:2:    grunt_orc_gardens, layout_diamond_mine, grunt_orc_garden,
          grunt_orc_garden, grunt_orc_garden, grunt_orc_garden,
          minmay_orc_temple_b

Skill      XL: |  1  2  3  4  5  6  7  8  9 10 11 12 13 14 |
---------------+-------------------------------------------+-----
Summonings     | 5 6 7 8 9 10 11 | 11.0
Spellcasting   | 3 4 5 6 7 8 9 |  9.9
Fire Magic     | 1 2 3 5 |  5.0
Air Magic      | 1 2 4 5 |  5.0
Fighting       | 2 4 5 6 8 9 |  9.3
Dodging        | 3 5 6 7 9 10 | 10.0
Stealth        | 3 5 6 7 9 10 | 10.0
Necromancy     | 3 5 6 8 |  8.6
Evocations     | 2 4 5 |  5.0
Armour         | 3 5 6 |  6.4
Ranged Weapons | 2 4 |  4.0
Short Blades   | 2 3 |  3.6
Hexes          | 1 2 |  2.2

Action                     |  1- 3 |  4- 6 |  7- 9 | 10-12 | 13-15 || total
---------------------------+-------+-------+-------+-------+-------++-------
  Melee: Unarmed           |    10 |       |       |       |       ||    10
         Kick              |     6 |    22 |     4 |       |    12 ||    44
         Peck              |     3 |    11 |     2 |       |    12 ||    28
         Dagger            |    16 |    25 |       |       |       ||    41
         Staff             |       |    28 |       |       |       ||    28
         Whip              |       |    29 |     5 |       |       ||    34
         Rapier            |       |       |       |       |    55 ||    55
   Fire: Orcbow            |       |       |   224 |   362 |   131 ||   717
   Cast: Summon Small Mamm |    39 |    29 |     3 |       |       ||    71
         Summon Blazeheart |       |     6 |    21 |    43 |    41 ||   111
         Summon Lightning  |       |       |     6 |    27 |    36 ||    69
         Animate Dead      |       |       |       |     4 |     4 ||     8
  Evoke: Wand              |       |     2 |       |     1 |       ||     3
    Use: Scroll            |       |     2 |    16 |    10 |     6 ||    34
         Potion            |       |       |       |     5 |     4 ||     9
   Stab: Sleeping          |       |     3 |     1 |       |     4 ||     8
         Distracted        |       |       |       |       |     2 ||     2
 Armour: Robe              |    21 |    44 |    25 |       |       ||    90
         Steam dragon scal |       |       |     7 |   113 |       ||   120
         Ring mail         |       |       |       |    36 |    95 ||   131
  Dodge: Dodged            |    27 |    62 |    63 |   319 |   205 ||   676
         Repelled          |       |       |     2 |     5 |     7 ||    14
  Block: Other             |       |       |       |       |    24 ||    24
         Reflection        |       |       |       |       |     4 ||     4

Table legend: (Time is in decaauts)
 A = Elapsed time spent in this place.
 B = Non-inter-level travel time spent in this place.
 C = Inter-level travel time spent in this place.
 D = Time resting spent in this place.
 E = Time spent auto-exploring this place.
 F = Levels seen in this place.
 G = Mean time per level.
                   A        B        C        D        E       F      G
               +--------+--------+--------+--------+--------+-----+--------+
         Total |  17190 |  15761 |   1429 |   2626 |   9218 |  21 |  818.6 |
       Dungeon |   9920 |   8849 |   1071 |   1622 |   5244 |  10 |  992.0 |
        Temple |     10 |     10 |      0 |      0 |      0 |   1 |   10.0 |
          Lair |   6143 |   5797 |    346 |    711 |   3676 |   5 | 1228.6 |
  Orcish Mines |    341 |    330 |     11 |    123 |     73 |   2 |  170.5 |
         Sewer |    244 |    244 |      0 |     10 |    149 |   1 |  244.0 |
        Bailey |    362 |    362 |      0 |    118 |     76 |   1 |  362.0 |
      Ice Cave |    166 |    166 |      0 |     42 |      0 |   1 |  166.0 |
               +--------+--------+--------+--------+--------+-----+--------+

Top non-repeatable levels by time:
  Lair:3: 1944 daAuts
     D:8: 1942 daAuts
     D:2: 1453 daAuts
     D:6: 1265 daAuts
  Lair:1: 1240 daAuts
     D:4: 1147 daAuts
  Lair:5: 1115 daAuts
  Lair:4: 1013 daAuts
     D:3: 934 daAuts
     D:5: 929 daAuts
     D:1: 847 daAuts
  Lair:2: 829 daAuts
     D:7: 752 daAuts
     D:9: 645 daAuts
  Bailey: 362 daAuts
